 Dungeon Crawl Stone Soup version 0.18-a0-1677-g2bdad6c (webtiles) character file.

1822 rekt the Cleaver (level 8, 0/59 (60) HPs)
             Began as a Demonspawn Wanderer on Apr 2, 2016.
             Was a Priest of Okawaru.
             Slain by an orc warrior
             ... wielding a +0 dire flail
              (21 damage)
             ... on level 6 of the Dungeon.
             The game lasted 00:18:55 (7083 turns).

rekt the Cleaver (Demonspawn Wanderer)              Turns: 7083, Time: 00:18:56

HP:   0/59 (60)     AC: 13    Str: 20 (23) XL:     8   Next: 85%
MP:   8/8           EV: 11    Int: 13 (14) God:    Okawaru [***...]
Gold: 192           SH:  0    Dex: 16 (17) Spells: 0 memorised, 7 levels left

rFire  . . .     SeeInvis .     r - +1 war axe
rCold  . . .     Gourm    .     B - +0 plate armour
rNeg   . . .     Faith    .     (no shield)
rPois  .         Spirit   .     (helmet restricted)
rElec  .         Dismiss  .     p - +0 cloak
rCorr  .         Reflect  .     h - +1 pair of gloves {Str+3}
SustAt .         Harm     .     (no boots)
MR     +....                    (no amulet)
Stlth  ..........               (no ring)
                                v - ring of stealth

@: mighty, agile, drained, somewhat resistant to hostile enchantments, extremely
unstealthy
A: antennae 2, demonic guardian 1, magic resistance 1, sturdy frame 1
a: Heroism, Renounce Religion


You were on level 6 of the Dungeon.
You worshipped Okawaru.
Okawaru was most pleased with you.
You were not hungry.

You visited 1 branch of the dungeon, and saw 6 of its levels.

You collected 192 gold pieces.

Inventory:

Hand Weapons
 a - a +2 dagger
 q - a +0 hand axe
 r - a +1 war axe (weapon)
 C - a +0 hand axe of draining
 F - a +3 hand axe
Missiles
 w - 7 javelins (quivered)
Armour
 e - a +0 robe
 h - a +1 pair of gloves of strength (worn)
 m - a +0 ring mail
 p - a +0 cloak (worn)
 B - a +0 plate armour (worn)
Jewellery
 v - a ring of stealth (left hand)
Wands
 G - a wand of paralysis (13/24)
Scrolls
 b - 2 scrolls of blinking
 g - 5 scrolls of identify
 i - 4 scrolls of teleportation
 k - 6 scrolls of remove curse
Potions
 l - a potion of cancellation
 u - a potion of ambrosia
 x - 3 potions of curing
 z - a potion of heal wounds
 A - a potion of mutation
 I - a potion of haste
Books
 c - the Incunabulum of the Birds

   Spells                             Type                      Level
   a - Repel Missiles                 Charms/Air                   2
   b - Swiftness                      Charms/Air                   2
 d - Miugets's Handbook of Flight

   Spells                             Type                      Level
   a - Repel Missiles                 Charms/Air                   2
   b - Swiftness                      Charms/Air                   2
Comestibles
 f - 6 bread rations
 j - 2 meat rations
 n - 2 beef jerkies
 s - a slice of pizza
 t - a royal jelly
 J - a chunk of flesh


   Skills:
 - Level 3.9(3.5) Fighting
 * Level 9.7(9.3) Axes
 - Level 1.0(0.6) Stealth
   Level 1.0(0.6) Shields
   Level 1.1(0.7) Necromancy
   Level 2.6(2.3) Ice Magic
   Level 1.7(1.4) Air Magic
   Level 2.0(1.6) Poison Magic


You had 7 spell levels left.
You didn't know any spells.

Dungeon Overview and Level Annotations

Branches:
Dungeon (6/15)
 Temple: D:4-7

Altars:
Fedhas
Kikubaaqudgha
Makhleb
Nemelex Xobeh
Okawaru
Pakellas
Xom

Annotations:
D:2 Terence
D:6 Grinder


Innate Abilities, Weirdness & Mutations

You have a pair of antennae on your head.
A weak demonic guardian rushes to your aid.
Your movements are slightly less encumbered by armour (ER -2).
You are resistant to hostile enchantments.


Message History

Okay, then.
Unknown command.
Drink which item? (? for menu, Esc to quit)
It was a potion of degeneration.
There was something very wrong with that liquid.
You feel weakened.
You feel dopey.
You feel clumsy.
Drink which item? (? for menu, Esc to quit)
It was a potion of beneficial mutation.
You feel resistant to hostile enchantments.
You feel fantastic!
The orc warrior hits you with a scimitar.
Drink which item? (? for menu, Esc to quit)
It was a potion of might.
You feel very mighty all of a sudden.
You slash the orc warrior!
The orc warrior is moderately wounded.
You hit the orc warrior.
The orc warrior is severely wounded.
The orc warrior hits you with a dire flail!!
You die...

### ..# ##########.#
.........#.#######
########.#.##....###
#.#.##......#
######.#)#####o#.#
..........))...@o5#
###.##############o#
..... #.# ###.## #{#
.. #.# ... #.# ....
#o# ..... #o#
......#######.#


You could see 2 orc warriors, an orc and a friendly white imp.

Vanquished Creatures
  Sigmund (D:5)
  Edmund (D:6)
  2 ice beasts (D:5)
  A necrophage (D:5)
  A phantom (D:6)
  2 sky beasts (D:5)
  An ogre (D:5)
  A centaur (D:5)
  2 scorpions (D:5)
  3 hounds (D:5)
  3 giant frog skeletons
  5 orc priests
  3 orc wizards
  3 iguanas
  4 worker ants
  Robin (D:3)
  3 adders
  8 gnolls
  An ooze (D:2)
  6 dart slugs
  A giant gecko (D:5)
  25 orcs
  A ball python (D:5)
  7 giant cockroaches
  9 goblins
  7 hobgoblins
  6 jackals (D:1)
  4 kobolds
  5 quokkas
  6 bats
  4 giant newts
  4 rats
131 creatures vanquished.

Vanquished Creatures (collateral kills)
  A giant frog (D:6)
1 creature vanquished.

Grand Total: 132 creatures vanquished

Notes
Turn   | Place    | Note
--------------------------------------------------------------
     0 | D:1      | rekt the Demonspawn Wanderer began the quest for the Orb.
     0 | D:1      | rekt set off with: a +2 dagger, a scroll of blinking, the Incunabulum of the Birds, Miugets's Handbook of Flight, a +0 robe, a bread ration
     0 | D:1      | Reached XP level 1. HP: 13/13 MP: 1/1
     0 | D:1      | Identified the Incunabulum of the Birds
     0 | D:1      | Identified Miugets's Handbook of Flight
   192 | D:1      | Reached skill level 1 in Fighting
   208 | D:1      | Gained mutation: You have a pair of small antennae on your head. [demonic ancestry]
   208 | D:1      | Reached XP level 2. HP: 18/21 MP: 2/2
   808 | D:2      | Gained mutation: You have a pair of antennae on your head. [demonic ancestry]
   808 | D:2      | Reached XP level 3. HP: 10/28 MP: 3/3
  1297 | D:2      | Noticed Terence
  2155 | D:1      | Reached XP level 4. HP: 19/37 MP: 4/4
  2578 | D:2      | Found a burning altar of Makhleb.
  2578 | D:2      | Found a shimmering altar of Xom.
  2823 | D:3      | Found an iron altar of Okawaru.
  2829 | D:3      | Became a worshipper of Warmaster Okawaru
  3241 | D:3      | Reached skill level 1 in Axes
  3257 | D:3      | Noticed Robin
  3273 | D:3      | Killed Robin
  3277 | D:3      | Reached skill level 2 in Axes
  3514 | D:3      | Gained mutation: Your movements are slightly less encumbered by armour (ER -2). [demonic ancestry]
  3514 | D:3      | Reached XP level 5. HP: 42/42 MP: 5/5
  3699 | D:3      | Reached skill level 3 in Axes
  3948 | D:4      | Reached * piety under Okawaru
  3950 | D:4      | Reached skill level 4 in Axes
  3950 | D:4      | Reached XP level 6. HP: 42/48 MP: 6/6
  4008 | D:4      | Found a blossoming altar of Fedhas.
  4842 | D:5      | Entered Level 5 of the Dungeon
  4901 | D:5      | Reached skill level 5 in Axes
  4926 | D:5      | Reached XP level 7. HP: 35/53 MP: 7/7
  5184 | D:5      | Reached skill level 6 in Axes
  5447 | D:5      | Reached skill level 7 in Axes
  5458 | D:5      | Gained mutation: A weak demonic guardian rushes to your aid. [demonic ancestry]
  5458 | D:5      | Reached XP level 8. HP: 40/59 MP: 8/8
  5565 | D:5      | Noticed Sigmund
  5576 | D:5      | Killed Sigmund
  5576 | D:5      | Reached ** piety under Okawaru
  5651 | D:5      | Reached skill level 8 in Axes
  5704 | D:5      | Found an ancient bone altar of Kikubaaqudgha.
  5704 | D:5      | Found a sparkling altar of Nemelex Xobeh.
  5929 | D:5      | Found an oddly glowing altar of Pakellas.
  6473 | D:6      | Noticed Edmund
  6485 | D:6      | Killed Edmund
  6485 | D:6      | Reached skill level 9 in Axes
  7021 | D:6      | Reached *** piety under Okawaru
  7042 | D:6      | Noticed Grinder
  7042 | D:6      | Paralysed by Grinder for 4 turns
  7055 | D:6      | Paralysed by Grinder for 4 turns
  7081 | D:6      | Gained mutation: You are resistant to hostile enchantments. [potion of beneficial mutation]
  7083 | D:6      | Slain by an orc warrior

Vault maps used:
D:1:      minmay_arrival_cross, hangedman_decor_push
D:2:      nicolae_overflow_hidden_temple, uniq_terence
D:3:      hangedman_decor_clover_reticule, okawaru_ov_weapons_minmay, uniq_robin
D:4:      lemuel_upstairs_altar, nicolae_overflow_crystal_walls, minivault_24,
          minmay_misc_feat_alley
D:5:      old_standard_altar, gammafunk_temple_overflow_elements, first_bread,
          grunt_ministairs_14, uniq_sigmund
D:6:      lemuel_temple_firewalk_marked, uniq_grinder, uniq_edmund

Skill      XL: |  1  2  3  4  5  6  7  8 |
---------------+-------------------------+-----
Fighting       | 1 2 3 |  3.9
Axes           | 2 4 5 7 9 |  9.7
Stealth        | |  1.0
Shields        | |  1.0
Necromancy     | |  1.1
Ice Magic      | |  2.6
Air Magic      | |  1.7
Poison Magic   | |  2.0

Action                   |  1- 3 |  4- 6 |  7- 9 || total
-------------------------+-------+-------+-------++-------
Melee: Dagger            |   243 |    56 |       ||   299
       War axe           |       |   148 |   213 ||   361
       Hand axe          |       |     1 |       ||     1
Throw: Javelin           |       |       |     5 ||     5
  Use: Potion            |     4 |     2 |     4 ||    10
       Scroll            |       |       |     6 ||     6
 Stab: Distracted        |       |       |     1 ||     1
  Eat: Chunk             |     3 |     6 |     7 ||    16
       Bread ration      |     1 |       |       ||     1
